 Dungeon Crawl Stone Soup version 0.30-a0-55-g90e3122c3a (webtiles) character file.

Game seed: 4122972904141385619

882 LnG the Chopper (level 8, -1/68 HPs)
             Began as a Hill Orc Fighter on Sept 9, 2022.
             Slain by a gnoll bouda
             ... wielding a +3 whip
              (6 damage)
             ... on level 5 of the Dungeon.
             The game lasted 00:10:45 (5260 turns).

LnG the Chopper (Hill Orc Fighter)                  Turns: 5260, Time: 00:10:47

Health: -1/68      AC: 19    Str: 21    XL:     8   Next: 5%
Magic:  8/8        EV:  9    Int:  9    God:
Gold:   241        SH:  8    Dex: 10    Spells: 7/7 levels left

rFire   . . .      SeeInvis .    s - +2 hand axe of the Immovable Yaks {protect, rElec rPois Will+++ Int-5}
rCold   + . .      Faith    .    z - +0 kite shield
rNeg    . . .      Spirit   .    v - +2 ring mail {rC+}
rPois   +          Reflect  .    (no helmet)
rElec   +          Harm     .    (no cloak)
rCorr   .          Rampage  .    (no gloves)
Will    +++..                    (no boots)
Stlth   +.........               (no amulet)
HPRegen 0.21/turn                p - +6 ring of intelligence
MPRegen 0.11/turn                y - +4 ring of protection

@: weakened, under a protective aura
A: no striking features
a: no special abilities


You were on level 5 of the Dungeon.
You visited 1 branch of the dungeon, and saw 5 of its levels.
You also visited: Sewer.

You collected 241 gold pieces.

Inventory:

Hand Weapons
 a - a +0 war axe
 s - the +2 hand axe of the Immovable Yaks (weapon) {protect, rElec rPois Will+++ Int-5}
   (You found it on level 3 of the Dungeon)

   It grants its wielder temporary protection when it strikes (+7 to AC).
   Int:       It affects your intelligence (-5).
   rElec:     It insulates you from electricity.
   rPois:     It protects you from poison.
   Will:      It greatly increases your willpower.
Missiles
 C - 4 boomerangs (quivered)
Armour
 b - a +0 scale mail
 c - a +0 buckler
 v - a +2 ring mail of cold resistance (worn)
 z - a +0 kite shield (worn)
Jewellery
 k - a ring of ice
 p - a +6 ring of intelligence (left hand)
 y - a +4 ring of protection (right hand)
Wands
 w - a wand of mindburst (17)
Scrolls
 g - 2 scrolls of teleportation
 h - a scroll of butterflies
 i - a scroll of enchant weapon {unknown}
 j - a scroll of poison {unknown}
 n - 3 scrolls of fear
 o - a scroll of amnesia {unknown}
 q - 2 scrolls of enchant armour {unknown}
 t - a scroll of brand weapon {unknown}
 u - a scroll of vulnerability {unknown}
 x - 3 scrolls of identify
 A - a scroll of silence {unknown}
Potions
 d - 2 potions of might
 e - a potion of berserk rage {unknown}
 f - a potion of mutation {unknown}
 l - a potion of flight {unknown}
 m - a potion of invisibility {unknown}
 r - 2 potions of attraction {unknown}
 B - a potion of resistance {unknown}


   Skills:
 + Level 5.2 Fighting
 + Level 7.4 Axes
 + Level 5.7 Armour
 + Level 2.2 Dodging
 + Level 0.6 Stealth
 + Level 4.8 Shields


You had 7 spell levels left.
You didn't know any spells.
Your spell library contained the following spells:

 Spells                   Type           Power      Damage    Failure   Level
 Sandblast                Erth           0%         2d4       88%         1
 Slow                     Hex            0%         N/A       88%         1
 Blink                    Tloc           0%         N/A       95%         2
 Passwall                 Tmut/Erth      0%         N/A       95%         2
 Confusing Touch          Hex            0%         N/A       99%         3
 Gell's Gravitas          Tloc           0%         N/A       99%         3
 Stone Arrow              Conj/Erth      0%         3d7       99%         3
 Teleport Other           Tloc           0%         N/A       99%         3
 Vampiric Draining        Necr           0%         2d6       99%         3
 Manifold Assault         Tloc           0%         N/A       100%        5
 Dispersal                Tloc           0%         N/A       100%        6
 Storm Form               Tmut/Air       0%         N/A       100%        7


Dungeon Overview and Level Annotations

Branches:
Dungeon (5/15)              Sewer (visited)
 Temple: D:4-7

Altars:
Ashenzari
Okawaru
Ru
Sif Muna
Trog
Wu Jian
Yredelemnul


Message History

You block the gnoll bouda's attack. The gnoll closely misses you. x2
You barely miss the gnoll bouda.
The gnoll bouda is severely wounded.
The gnoll bouda hits you with a +3 whip.
* * * LOW HITPOINT WARNING * * *
You block the gnoll's attack. The gnoll barely misses you.
You hit the gnoll bouda but do no damage.
The gnoll bouda is severely wounded.
The gnoll bouda hits you but does no damage.
You block the gnoll's attack. The gnoll misses you.
You hit the gnoll bouda.
The gnoll bouda is severely wounded.
The gnoll bouda gazes fiercely through you!
You feel as though you will be weak longer.
You block the gnoll bouda's attack.
The gnoll hits you but does no damage. x2
You hit the gnoll bouda but do no damage.
The gnoll bouda is severely wounded.
The gnoll bouda barely misses you. The gnoll barely misses you.
You block the gnoll's attack.
You closely miss the gnoll bouda.
The gnoll bouda is severely wounded.
The gnoll bouda prays to its god.
The gnoll bouda is healed somewhat.
The gnoll closely misses you. The gnoll hits you but does no damage.
The gnoll bouda hits you but does no damage.
You hit the gnoll bouda.
The gnoll bouda is severely wounded.
You block the gnoll's attack. The gnoll hits you but does no damage.
You block the gnoll bouda's attack.
You hit the gnoll bouda but do no damage.
The gnoll bouda is severely wounded.
The gnoll hits you but does no damage. The gnoll barely misses you.
The gnoll bouda barely misses you.
You barely miss the gnoll bouda.
The gnoll bouda is severely wounded.
The gnoll hits you but does no damage.
The gnoll hits you from afar with a +0 halberd.
* * * LOW HITPOINT WARNING * * *
The gnoll bouda hits you with a +3 whip.
You die...

########## ###........#
#########
#......###.####....g.g####
#.#.##.# #.#.##.##...g...#
#.#.##.###.)..#.##.#
#.#.##.....@.g.....#
#.#.######.g.g#.####
#.#.######.#.##.#
#.#........#.##.#
#.##########.##.. #......#
#+#### #......# #......#
##.....#


You could see a gnoll bouda and 2 gnolls.

Vanquished Creatures
  Sigmund (D:3)
  Pargi (D:3)
  A phantom (D:5)
  A scorpion (D:4)
  A bullfrog (Sewer)
  A gnoll bouda (D:4)
  Terence (D:3)
  An iguana (D:5)
  Natasha (thrice) (D:3)
  Robin (D:3)
  7 gnolls
  6 adders
  A white imp (D:4)
  2 worms
  2 dart slugs
  7 orcs
  3 bats
  9 endoplasms
  13 giant cockroaches
  14 goblins
  7 hobgoblins
  4 jackals (D:2)
  4 kobolds
  7 quokkas
  13 ball pythons
  12 frilled lizards
  3 rats
126 creatures vanquished.

Notes
Turn   | Place    | Note
-------+----------+-------------------------------------------
     0 | D:1      | LnG the Hill Orc Fighter began the quest for the Orb.
     0 | D:1      | Reached XP level 1. HP: 19/19 MP: 1/1
    31 | D:1      | Found a faded altar of an unknown god.
   117 | D:1      | You fall into a shaft and drop 1 floor!
   290 | D:2      | Reached XP level 2. HP: 27/27 MP: 2/2
   342 | D:2      | Reached skill level 3 in Axes
   702 | D:2      | Reached XP level 3. HP: 31/33 MP: 3/3
  1669 | D:2      | Reached XP level 4. HP: 33/40 MP: 4/4
  1859 | D:3      | Noticed Sigmund
  1867 | D:3      | Found an iron altar of Okawaru.
  1873 | D:3      | Killed Sigmund
  1874 | D:3      | Reached skill level 5 in Axes
  1874 | D:3      | Reached XP level 5. HP: 30/47 MP: 5/5
  1874 | D:3      | Reached XP level 6. HP: 34/53 MP: 6/6
  2036 | D:3      | Identified the +2 hand axe of the Immovable Yaks {protect,
                  | rElec rPois Will+++ Int-5}
  2056 | D:3      | Noticed Robin
  2059 | D:3      | Reached skill level 1 in Dodging
  2067 | D:3      | Killed Robin
  2096 | D:3      | Found a glowing drain.
  2112 | Sewer    | Entered a sewer
  2407 | Sewer    | Reached skill level 6 in Axes
  2609 | D:3      | Noticed Pargi
  2654 | D:3      | Killed Pargi
  2655 | D:3      | Reached skill level 5 in Armour
  2655 | D:3      | Reached XP level 7. HP: 32/60 MP: 7/7
  2839 | D:3      | Noticed Natasha
  2849 | D:3      | Killed Natasha
  2879 | D:3      | Noticed Terence
  2898 | D:3      | Killed Terence
  2956 | D:3      | Noticed Natasha
  2972 | D:3      | Killed Natasha
  3112 | D:3      | Noticed Natasha
  3121 | D:3      | Killed Natasha
  3542 | D:4      | Found a broken altar of Ashenzari.
  3542 | D:4      | Found a bloodstained altar of Trog.
  3782 | D:4      | Found a shimmering blue altar of Sif Muna.
  3816 | D:4      | Found a basalt altar of Yredelemnul.
  3837 | D:4      | Found a sacrificial altar of Ru.
  4233 | D:5      | Entered Level 5 of the Dungeon
  4265 | D:4      | Reached skill level 5 in Fighting
  4776 | D:4      | Reached skill level 7 in Axes
  5092 | D:5      | Reached XP level 8. HP: 64/68 MP: 8/8
  5147 | D:5      | Found an ornate altar of the Wu Jian Council.
  5260 | D:5      | Slain by a gnoll bouda

Illustrated notes

Levels and vault maps discovered:
D:1:      psy_arrival_whirlpool, layout_rooms, basic_ecumenical_altar
D:2:      minmay_general_purpose_star, layout_basic, grunt_ministairs_15,
          kennysheep_nondescript
D:3:      layout_basic, okawaru_ov_weapons_minmay, gup_sewer_entry_pipe,
          uniq_sigmund, uniq_natasha, uniq_pargi, uniq_terence, uniq_robin
D:4:      layout_cave_pools, nicolae_ru_awakened_eye,
          grunt_temple_overflow_open, nicolae_sif_muna_condensation
D:5:      layout_loops_corners, nzn_wu_jian_council_hall

Skill      XL: |  1  2  3  4  5  6  7 |
---------------+----------------------+-----
Axes           | 3 5 6 7 |  7.4
Fighting       | 4 5 |  5.2
Armour         | 4 5 |  5.7
Shields        | 4 |  4.8
Dodging        | 1 2 |  2.2
Stealth        | |  0.6

Action                   |  1- 3 |  4- 6 |  7- 9 || total
-------------------------+-------+-------+-------++-------
Melee: War axe           |   132 |    22 |       ||   154
       Hand axe          |       |   139 |   224 ||   363
  Use: Potion            |       |     1 |       ||     1
       Scroll            |       |     3 |       ||     3
Armor: Scale mail        |    70 |   122 |     5 ||   197
       Ring mail         |       |       |   129 ||   129
Dodge: Dodged            |    62 |    85 |   115 ||   262
Block: Buckler           |    38 |    44 |    16 ||    98
       Kite shield       |       |       |   103 ||   103

Table legend: (Time is in decaauts)
 A = Elapsed time spent in this place.
 B = Non-inter-level travel time spent in this place.
 C = Inter-level travel time spent in this place.
 D = Time resting spent in this place.
 E = Time spent auto-exploring this place.
 F = Levels seen in this place.
 G = Mean time per level.
                   A        B        C        D        E       F      G
               +--------+--------+--------+--------+--------+-----+--------+
         Total |   5407 |   5280 |    127 |   1209 |   2294 |   6 |  901.2 |
       Dungeon |   4896 |   4769 |    127 |   1042 |   2172 |   5 |  979.2 |
         Sewer |    511 |    511 |      0 |    167 |    121 |   1 |  511.0 |
               +--------+--------+--------+--------+--------+-----+--------+

Top non-repeatable levels by time:
     D:3: 1281 daAuts
     D:2: 1278 daAuts
     D:4: 1094 daAuts
     D:5: 645 daAuts
     D:1: 597 daAuts
   Sewer: 511 daAuts
